AoeStats
← Nice Town... >:)

Arabia

509515729Analyzed
1v1 RM · 7d ago on Sep 27, 2026· 51m 46s· 2 players
Game mode
Random Map
Map size
Tiny (2 player)
Population
200
Speed
Normal
Resources
Standard
Victory
Conquest
Starting age
Dark Age
Ending age
Imperial Age
RankedLock teamsTeams togetherTeam positionsShared explorationLock speedFull tech treeHidden civsTurbo modeCheats
Victory
Defeat
🇦🇷 Magyars · Argentina
1290
+14
🇺🇸 Varangians · United States
1237
-14
Doye
6:42 Loom
9:33 Feudal Age
10:01 Double-Bit Axe
9:57 Horse Collar
21:44 Castle Age
19:57 Gold Mining
20:33 Bloodlines
21:32 Wheelbarrow
21:35 Scale Barding Armor
22:41 Heavy Plow
22:51 Bow Saw
22:51 Husbandry
24:50 Chain Barding Armor
25:50 Town Watch
25:57 Light Cavalry
31:29 Stone Mining
34:27 Gold Shaft Mining
34:11 Hand Cart
36:54 Town Patrol
41:37 Imperial Age
40:24 Town Patrol
41:52 Cavalier
43:11 Plate Barding Armor
42:59 Conscription
43:27 Crop Rotation
43:59 Two-Man Saw
44:06 Paladin
48:17 Hoardings
49:31 Hussar
Nice Town... >:)
6:36 Loom
8:56 Feudal Age
9:26 Double-Bit Axe
11:14 Bloodlines
13:19 Horse Collar
20:55 Castle Age
21:08 Wheelbarrow
20:31 Gold Mining
21:02 Fletching
21:51 Bodkin Arrow
23:48 Bow Saw
24:30 Padded Archer Armor
25:27 Leather Archer Armor
25:31 Husbandry
28:41 Ballistics
37:04 Imperial Age
37:59 Bracer
37:26 Cranequins
43:51 Chemistry
48:09 Heavy Mounted Crossbowman
Connection lost

Rejoining the realm…

Still unreachable

The connection could not be restored.

Session expired

The server has moved on; the page needs a fresh start.